Map: Jagannatha LE

Players

Strange - Winner!

  • Race: Protoss Protoss

Stephano

  • Race: Zerg Zerg

Event: DreamHack SC2 Masters 2021 Fall

VOD

Have the link to the VOD?

Description

Time

  • Played on: Aug. 3, 2021, 10:17 a.m.
  • Length: 15:34

All games in this series

Show
View Real Time Build Order
Export as new Build Order

Strange Protoss - Winner!

Build Orders: 1 Gate Expand 

Get SALT Encoding   

  12  0:00  Probe  
  13  0:12  Probe  
  14  0:20  Pylon  
  14  0:24  Probe  
  15  0:38  Gateway, Probe (Chrono Boost)  
  16  0:47  Assimilator, Probe (Chrono Boost)  
  17  0:52  Probe  
  18  1:05  Probe  
  19  1:17  Probe  
  20  1:24  Nexus  
  20  1:33  Cybernetics Core  
  20  1:36  Probe  
  21  1:42  Assimilator  
  21  1:48  Probe  
  21  1:52  Pylon  
  22  2:01  Probe (Chrono Boost)  
  23  2:07  Stalker (Chrono Boost)  
  23  2:10  Warp Gate  
  23  2:13  Probe (Chrono Boost)  
  26  2:22  Probe (Chrono Boost)  
  27  2:28  Probe (Chrono Boost)  
  27  2:29  Twilight Council  
  28  2:32  Adept  
  28  2:36  Probe (Chrono Boost)  
  32  2:45  Probe x2 (Chrono Boost)  
  32  2:50  Probe (Chrono Boost)  
  33  2:51  Probe  
  35  3:00  Gateway  
  35  3:02  Gateway  
  35  3:05  Probe  
  36  3:07  Probe  
  36  3:08  Resonating Glaives (Chrono Boost)  
  37  3:15  Adept  
  37  3:17  Probe  
  40  3:20  Probe  
  41  3:28  Pylon  
  41  3:29  Probe  
  41  3:32  Probe  
  41  3:34  Shield Battery  
  43  3:39  Robotics Facility  
  43  3:41  Probe  
  43  3:45  Probe  
  43  3:46  Pylon  
  45  3:54  Probe  
  46  4:00  Adept x3  
  52  4:04  Probe  
  52  4:06  Probe  
  52  4:09  Pylon  
  54  4:14  Assimilator  
  54  4:17  Assimilator  
  54  4:20  Adept x3  
  60  4:24  Probe x2  
  60  4:28  Observer  
  63  4:35  Forge  
  63  4:36  Probe x2  
  65  4:39  Pylon  
  65  4:46  Sentry x2  
  65  4:49  Pylon, Probe  
  70  4:58  Probe  
  65  5:01  Probe  
  62  5:10  Protoss Ground Weapons Level 1 (Chrono Boost), Probe  
  62  5:12  Immortal (Chrono Boost)  
  62  5:14  Adept x2  
  61  5:21  Sentry  
  67  5:40  Nexus, Adept, Sentry  
  67  5:41  Immortal (Chrono Boost)  
  71  5:47  Pylon, Probe x2  
  77  5:55  Robotics Bay  
  77  6:01  Pylon  
  77  6:02  Adept x2  
  73  6:17  Probe x2  
  75  6:22  Gateway  
  75  6:23  Sentry x3  
  81  6:29  Shield Battery, Probe x2  
  81  6:32  Blink  
  83  6:39  Photon Cannon  
  83  6:41  Probe x2  
  83  6:42  Pylon  
  83  6:45  Colossus (Chrono Boost)  
  85  6:52  Pylon, Probe  
  85  6:53  Probe x2  
  94  6:57  Stalker  
  94  6:58  Stalker  
  94  6:59  Zealot  
  100  7:04  Assimilator, Probe  
  100  7:05  Assimilator, Protoss Ground Weapons Level 2 (Chrono Boost), Probe x2  
  103  7:17  Gateway, Probe  
  103  7:22  Gateway, Probe  
  105  7:25  Colossus  
  103  7:34  Probe x2  
  103  7:36  Probe  
  102  7:40  Sentry  
  102  7:41  Zealot x3  
  110  7:55  Photon Cannon, Gateway  
  110  7:58  Photon Cannon, Gateway  
  110  7:59  Shield Battery  
  110  8:02  Pylon  
  110  8:04  Stalker x4  
  118  8:07  Extended Thermal Lance  
  118  8:16  Gateway  
  118  8:19  Sentry  
  120  8:20  Sentry  
  120  8:21  Pylon, Warp Prism  
  120  8:25  Charge (Chrono Boost)  
  124  8:36  Sentry, Stalker x3  
  132  8:54  Nexus  
  132  8:55  Pylon  
  132  8:59  Sentry, Stalker x3  
  132  9:00  Stalker  
  140  9:14  Photon Cannon  
  140  9:15  Shield Battery  
  140  9:20  Protoss Ground Weapons Level 3 (Chrono Boost)  
  138  9:28  Zealot x6  
  138  9:29  Zealot x3  
  144  9:47  Pylon  
  144  9:48  Pylon  
  144  10:05  Colossus (Chrono Boost), Zealot x2  
  144  10:06  Zealot  
  156  10:10  Zealot x5  
  156  10:11  Zealot  
  168  10:17  Templar Archives  
  168  10:23  Pylon, Probe  
  168  10:24  Probe x3  
  170  10:32  Pylon  
  170  10:35  Probe  
  170  10:36  Probe  
  170  10:41  Probe x2  
  174  10:49  Stalker x2, Probe x2  
  157  10:53  Probe x2  
  157  10:54  Observer (Chrono Boost), Stalker x4  
  159  11:01  Probe  
  159  11:02  Probe  
  150  11:06  Zealot x3  
  148  11:13  High Templar x3  
  148  11:17  Warp Prism (Chrono Boost)  
  148  11:18  Archon  
  150  11:20  High Templar x2  
  150  11:21  High Templar x2  
  150  11:22  Probe x3  
  150  11:23  Probe  
  150  11:24  Archon  
  150  11:25  Archon  
  157  11:26  High Templar  
  159  11:34  Probe x2  
  159  11:35  Archon, Probe  
  162  11:40  Zealot  
  162  11:47  Zealot x3  
  136  12:02  Probe x3 (Chrono Boost)  
  136  12:03  Probe (Chrono Boost)  
  140  12:11  Probe x4 (Chrono Boost)  
  140  12:15  High Templar x3  
  150  12:16  High Templar, Zealot x2, Probe (Chrono Boost)  
  150  12:19  Archon  
  150  12:20  High Templar x2, Archon  
  161  12:25  Archon  
  161  12:40  Zealot x3  
  163  12:48  Archon x5, Zealot x4  
  151  13:03  Zealot x4  
  121  13:09  Zealot x2  
  115  13:16  Stalker x3  
  120  13:23  Zealot x4  
  114  13:37  Observer  
  114  13:39  Stalker x5  
  114  13:40  Stalker  
  126  13:48  High Templar x2, Stalker  
  132  13:52  Archon  
  130  14:04  High Templar x2  
  130  14:05  High Templar x4  
  130  14:08  Zealot  
  138  14:10  Archon x3  
  138  14:14  Probe x4  
  138  14:15  Zealot  
  136  14:21  Zealot  
  136  14:24  Zealot  
  133  14:30  Cybernetics Core  
  120  14:34  High Templar  
  120  14:35  High Templar  
  123  14:41  Archon  
  123  14:45  Stalker x2  
  125  15:14  Zealot x4  
Show
View Real Time Build Order
Export as new Build Order

Stephano Zerg 

Build Orders: Hatch First 

Get SALT Encoding   

  12  0:00  Drone  
  13  0:12  Overlord  
  13  0:17  Drone  
  14  0:30  Drone x2  
  16  0:48  Hatchery  
  15  0:51  Drone  
  15  0:55  Drone  
  17  0:59  Drone  
  18  1:09  Extractor  
  17  1:14  Spawning Pool  
  17  1:18  Drone  
  17  1:20  Drone  
  18  1:27  Drone  
  19  1:38  Drone  
  20  1:49  Drone  
  21  2:00  Queen x2  
  26  2:01  Zergling x2  
  26  2:02  Drone  
  27  2:11  Drone  
  27  2:12  Overlord  
  28  2:19  Metabolic Boost  
  28  2:28  Hatchery  
  27  2:30  Drone  
  27  2:32  Drone  
  30  2:44  Queen  
  30  2:45  Overlord  
  30  2:47  Drone  
  30  2:51  Drone  
  33  2:55  Overlord  
  33  3:04  Drone x2  
  33  3:05  Drone  
  36  3:13  Drone x2  
  36  3:14  Drone x4  
  42  3:21  Overlord  
  42  3:24  Queen  
  44  3:33  Overlord  
  44  3:35  Overlord  
  44  3:40  Zergling x4  
  44  3:41  Zergling x2  
  47  3:43  Drone x3  
  47  3:47  Drone  
  51  3:48  Queen  
  51  3:51  Drone  
  51  3:52  Drone  
  55  4:00  Drone  
  55  4:01  Roach Warren  
  55  4:03  Zergling x2  
  55  4:04  Drone  
  55  4:05  Drone  
  58  4:10  Overlord  
  58  4:14  Zergling x8  
  58  4:16  Zergling x4  
  64  4:23  Zergling x4  
  66  4:26  Spore Crawler  
  65  4:35  Overlord  
  65  4:43  Roach x4  
  72  4:48  Roach x4  
  79  4:57  Zergling x16  
  74  5:08  Spore Crawler, Drone x3  
  74  5:09  Spore Crawler  
  72  5:14  Drone  
  72  5:17  Drone  
  72  5:20  Drone  
  75  5:22  Evolution Chamber  
  74  5:30  Drone x3  
  75  5:37  Lair, Drone  
  75  5:40  Extractor  
  75  5:42  Extractor, Ravager  
  74  5:43  Drone x3  
  77  5:52  Drone x5  
  81  5:59  Hatchery  
  72  6:09  Drone x4  
  72  6:10  Drone x4  
  76  6:12  Zerg Melee Weapons Level 1  
  76  6:17  Roach  
  76  6:18  Overlord  
  76  6:20  Extractor  
  76  6:21  Extractor  
  76  6:25  Drone x3  
  77  6:26  Overlord  
  77  6:29  Roach x3  
  83  6:37  Overlord  
  83  6:38  Overlord  
  84  6:40  Zergling x8  
  84  6:42  Ravager  
  84  6:45  Ravager  
  89  6:52  Drone x3, Overlord  
  89  6:53  Overlord  
  92  6:56  Overseer  
  92  7:00  Zergling x14  
  99  7:02  Baneling Nest  
  99  7:08  Overseer  
  98  7:10  Roach x2  
  98  7:11  Roach x2  
  98  7:13  Ravager  
  107  7:16  Zergling x10  
  107  7:17  Extractor  
  108  7:32  Zergling x18  
  111  7:38  Drone x2  
  111  7:41  Drone x3  
  116  7:45  Drone x5  
  116  7:47  Drone x3  
  123  7:55  Centrifical Hooks  
  123  7:56  Glial Reconstitution  
  123  7:58  Drone x3  
  126  8:03  Drone x3  
  128  8:06  Drone x3  
  128  8:09  Zerg Melee Weapons Level 2, Hatchery  
  128  8:12  Drone x2  
  132  8:13  Drone  
  133  8:22  Extractor  
  133  8:24  Drone x3, Infestation Pit  
  133  8:25  Overlord x4  
  134  8:30  Evolution Chamber  
  133  8:38  Overseer, Pneumatized Carapace  
  133  8:47  Overlord x2  
  133  8:48  Overlord x2  
  133  8:54  Zergling x32  
  148  8:58  Zerg Ground Armor Level 1  
  148  9:11  Baneling x9  
  148  9:16  Roach x3  
  154  9:17  Zergling x20  
  154  9:22  Hatchery  
  160  9:30  Baneling  
  160  9:31  Ravager, Baneling x16  
  160  9:32  Ravager x6  
  160  9:35  Zergling x18  
  160  9:36  Zergling x2  
  173  9:40  Hive  
  173  9:44  Zergling x8  
  177  9:47  Baneling x7  
  177  9:52  Overlord x2  
  170  10:15  Drone x6  
  170  10:16  Overlord x2  
  170  10:19  Baneling  
  170  10:20  Baneling x15  
  176  10:28  Hatchery  
  171  10:31  Zergling x2  
  171  10:32  Zergling x32  
  188  10:49  Zergling x34  
  196  10:57  Zerg Ground Armor Level 2, Zerg Melee Weapons Level 3  
  194  11:01  Ultralisk Cavern  
  190  11:04  Zergling x16  
  190  11:05  Zergling x4  
  190  11:14  Zergling x14  
  190  11:16  Adrenal Glands  
  189  11:21  Overseer  
  179  11:46  Hatchery  
  143  11:52  Ultralisk x4  
  143  11:53  Zergling x2, Ultralisk  
  143  11:54  Zergling x22  
  169  11:58  Chitinous Plating  
  145  12:12  Zergling x26  
  145  12:15  Baneling x11  
  161  12:16  Baneling x2  
  161  12:17  Baneling x2  
  161  12:18  Baneling  
  161  12:27  Ultralisk  
  161  12:29  Zergling x2  
  162  12:30  Zergling x18  
  162  12:32  Baneling x10  
  168  12:41  Zergling x2  
  168  12:42  Zergling x12  
  174  12:49  Zergling x10  
  156  12:59  Ultralisk x2  
  156  13:00  Zergling x2  
  156  13:01  Zergling x6  
  146  13:12  Zergling x18  
  136  13:19  Ultralisk  
  128  13:21  Zergling x6  
  116  13:33  Ultralisk  
  108  13:36  Zergling x10  
  97  13:47  Extractor x2  
  100  13:53  Spawning Pool  
  76  14:41  Hatchery  
  76  14:43  Hatchery  
  73  14:55  Zergling x2, Hatchery  
  73  14:56  Zergling x4  

Tags
 
Add a new tag
Caveats
  • Supply blocks, unpowered buildings, or Contaminate may cause inaccurate times.
  • Supply counts are checked every 10 seconds.